 Dungeon Crawl Stone Soup version 0.29.1-12-g30fa7ad0bf (webtiles) character file.

Game seed: 11121211522434092370

15493 devnull the Fighter (level 12, -9/113 HPs)
             Began as a Ghoul Gladiator on Dec 29, 2022.
             Was an Elder of Makhleb.
             Mangled by Erolcha
             ... wielding a +0 giant club
              (22 damage)
             ... on level 11 of the Dungeon.
             The game lasted 00:40:44 (14604 turns).

devnull the Fighter (Ghoul Gladiator)              Turns: 14604, Time: 00:40:44

Health: -9/113     AC:  6    Str: 23    XL:     12   Next: 27%
Magic:  13/13      EV:  7    Int:  3    God:    Makhleb [****..]
Gold:   973        SH: 10    Dex: 10    Spells: 11/11 levels left

rFire   . . .      SeeInvis .   b - +2 broad axe (pain)
rCold   + + .      Faith    .   x - +0 buckler
rNeg    + + +      Spirit   .   M - +1 plate armour
rPois   ∞          Reflect  +   P - +0 helmet
rElec   .          Harm     .   r - +0 cloak
rCorr   .          Rampage  .   s - +0 pair of gloves
Will    .....                   F - +0 pair of boots
Stlth   ..........              X - amulet of reflection
HPRegen 0.00/turn               K - +4 ring of protection
MPRegen 0.13/turn               u - ring of protection from cold

@: corroded, inhibited regen
A: claws 1, cold resistance 1, negative energy resistance 3, inhibited
regeneration, torment resistance 2, devour on kill
a: Renounce Religion, Minor Destruction, Lesser Servant of Makhleb, Major
Destruction


You were on level 11 of the Dungeon.
You worshipped Makhleb.
Makhleb was greatly pleased with you.
You visited 2 branches of the dungeon, and saw 12 of its levels.
You also visited: Bailey.

You collected 973 gold pieces.

Inventory:

Hand Weapons
 a - a +1 war axe of protection
 b - a +2 broad axe of pain (weapon)
 c - a +0 antimagic short sword
 L - a +0 sling
Missiles
 d - 4 throwing nets (quivered)
 e - a javelin
 o - 35 poisoned darts {@f2}
 E - 2 boomerangs of dispersal
 N - 20 boomerangs
 Q - 6 atropa-tipped darts
 T - 8 datura-tipped darts
 U - 11 curare-tipped darts
 W - 3 silver boomerangs
Armour
 r - a +0 cloak (worn)
 s - a +0 pair of gloves (worn)
 x - a +0 buckler (worn)
 F - a +0 pair of boots (worn)
 M - a +1 plate armour (worn)
 P - a +0 helmet (worn)
 S - +1 ice dragon scales
Jewellery
 n - a ring of see invisible
 t - a ring of fire
 u - a ring of protection from cold (right hand)
 I - a ring of protection from cold
 K - a +4 ring of protection (left hand)
 X - an amulet of reflection (around neck)
Wands
 w - a wand of mindburst (8)
 y - a wand of digging (4)
 A - a wand of polymorph (7)
 Y - a wand of acid (1)
Scrolls
 g - 5 scrolls of teleportation
 p - 3 scrolls of silence
 v - 2 scrolls of blinking
 z - a scroll of noise
 C - a scroll of summoning
 D - 2 scrolls of poison
 G - 2 scrolls of butterflies
 Z - a scroll of immolation
Potions
 f - a potion of ambrosia
 h - 2 potions of heal wounds
 j - 3 potions of invisibility {unknown}
 k - 3 potions of mutation {unknown}
 l - 8 potions of curing
 m - 5 potions of might {unknown}
 q - 3 potions of haste
 B - 2 potions of degeneration {unknown}
 H - a potion of attraction {unknown}
 J - a potion of lignification {unknown}
 O - a potion of flight {unknown}
 R - a potion of brilliance {unknown}


   Skills:
 + Level 12.4 Fighting
 + Level 10.8 Axes
 - Level 5.0 Throwing
 + Level 5.3 Armour
 - Level 2.6 Dodging
 + Level 5.3 Shields
 - Level 5.0 Necromancy
 + Level 3.0 Invocations


You had 11 spell levels left.
You didn't know any spells.
Your spell library contained the following spells:

 Spells                   Type           Power      Damage    Failure   Level
 Slow                     Hex            0%         N/A       100%        1
 Gell's Gravitas          Tloc           0%         N/A       100%        3
 Inner Flame              Hex/Fire       0%         N/A       100%        3
 Lesser Beckoning         Tloc           0%         N/A       100%        3
 Teleport Other           Tloc           0%         N/A       100%        3
 Tukima's Dance           Hex            0%         N/A       100%        3
 Cause Fear               Hex            0%         N/A       100%        4
 Manifold Assault         Tloc           0%         N/A       100%        5
 Discord                  Hex            0%         N/A       100%        8


Dungeon Overview and Level Annotations

Branches:
Dungeon (11/15)            Temple (1/1) D:7            Lair (0/5) D:8
 Bailey (visited)
    Orc: D:9-12

Altars:
Ashenzari
Cheibriados
Dithmenos
Fedhas
Gozag
Hepliaklqana
Kikubaaqudgha
Makhleb
Nemelex Xobeh
Okawaru
Qazlal
Ru
Sif Muna
Trog
Uskayaw
Vehumet
Wu Jian
Xom
Yredelemnul

Shops:
D:6 (

Annotations:
D:11 Erolcha


Innate Abilities, Weirdness & Mutations

You are immune to poison.
You have sharp fingernails.
Your flesh is cold resistant. (rC+)
You are immune to negative energy. (rN+++)
You do not regenerate when monsters are visible.
You are immune to unholy pain and torment.
You thrive by killing the living.


Message History

Something hits you!!
Unknown command.
You slice the kobold demonologist!!
The kobold demonologist writhes in agony.
The kobold demonologist is severely wounded.
You barely miss the rust devil. You slash something!
You block the kobold demonologist's attack.
Something hits you! The rust devil hits you. The rust devil corrodes you!
You closely miss the kobold demonologist.
The kobold demonologist is severely wounded.
You hit the rust devil. You hit something but do no damage.
The rust devil hits you. The rust devil corrodes you!
Something completely misses you.
The kobold demonologist attacks as you move away!
You block the kobold demonologist's attack.
The kobold demonologist looks encouraged for a moment.
You hear some strange, mumbled words.
You block the rust devil's attack. Something hits you!
You hit something. You closely miss the quasit.
You hit the rust devil but do no damage.
You block the quasit's attack.
The quasit claws you but does no damage.
You block the quasit's attack.
The kobold demonologist gestures wildly while chanting.
The rust devil closely misses you.
The quasit bites you but does no damage.
You block the quasit's attack.
The quasit claws you but does no damage.
Something hits you!!
* * * LOW HITPOINT WARNING * * *
You hit something. You miss the quasit.
You hit the rust devil but do no damage.
You block the quasit's attack.
The quasit claws you but does no damage.
The quasit closely misses you. The rust devil hits you!
* * * LOW HITPOINT WARNING * * *
The rust devil corrodes you! Something hits you!!
You die...

#.#....#
##........# .
.... ....!# ..
... ....# ...
... #4))# ....
#.# ##K[.#
.....##.###.K#.#
........##54##
.. #..@.## ..# .
#.##.# ## ... ..
#.##.##..# .#
#.##.##...# .
#.......#..#.
#....<...>...
#......##....
#....(.# ...
#.......


You could see a rust devil (summoned), a kobold demonologist, a chaos spawn
(summoned), a quasit (summoned) and a kobold.

Vanquished Creatures
  An ogre mage (D:10)
  3 two-headed ogres
  An ugly thing (D:10)
  A cyclops (D:10)
  Maggie (D:7)
  A kobold demonologist (D:10)
  4 trolls
  21 yaks
  4 steam dragons
  6 wargs (D:10)
  An acid dragon (D:11)
  A water moccasin (D:4)
  A hell hound (D:10)
  An ice beast (D:6)
  A black bear (D:7)
  12 orc warriors
  A sky beast (D:8)
  2 wolves (D:8)
  7 centaurs
  12 kobold brigands
  A phantom (D:6)
  3 gnoll sergeants (D:10)
  A necrophage (D:7)
  A scorpion (D:6)
  4 bullfrogs
  8 wights (D:9)
  9 killer bees
  11 howler monkeys
  2 electric eels (D:8)
  12 hounds
  A jelly (D:7)
  10 orc priests
  Crazy Yiuf (D:2)
  2 gnoll boudas (D:10)
  An iguana (D:5)
  13 orc wizards
  Robin (D:4)
  2 adders
  6 gnolls (D:5)
  A shadow imp (D:7)
  3 ufetubi
  2 worms (D:2)
  2 dart slugs (D:2)
  29 orcs
  3 ball pythons
  5 endoplasms
  6 giant cockroaches
  19 goblins
  11 hobgoblins
  4 jackals
  A quokka (D:2)
  6 bats
  5 frilled lizards
  23 kobolds
  6 rats
  A spectral goblin (D:1)
298 creatures vanquished.

Vanquished Creatures (others)
  A cyclops (D:11)
  A fungus (D:10)
  4 plants
6 creatures vanquished.

Grand Total: 304 creatures vanquished

Notes
Turn   | Place    | Note
-------+----------+-------------------------------------------
     0 | D:1      | devnull the Ghoul Gladiator began the quest for the Orb.
     0 | D:1      | Reached XP level 1. HP: 17/17 MP: 0/0
   310 | D:1      | Reached XP level 2. HP: 25/25 MP: 1/1
   433 | D:1      | Found a faded altar of an unknown god.
   704 | D:2      | Reached skill level 1 in Armour
   704 | D:2      | Reached XP level 3. HP: 14/30 MP: 2/2
  1532 | D:2      | Reached skill level 3 in Fighting
  1670 | D:2      | Found a runed translucent door.
  1671 | D:2      | Noticed Crazy Yiuf
  1830 | D:2      | Killed Crazy Yiuf
  1831 | D:2      | Reached XP level 4. HP: 38/38 MP: 3/3
  2630 | D:4      | Noticed Robin
  2633 | D:4      | Reached XP level 5. HP: 30/45 MP: 4/4
  2652 | D:4      | Killed Robin
  3251 | D:4      | Reached XP level 6. HP: 50/52 MP: 5/5
  3357 | D:4      | Reached skill level 4 in Fighting
  3857 | D:5      | Entered Level 5 of the Dungeon
  4655 | D:5      | Noticed a steam dragon
  4940 | D:5      | Noticed a water moccasin
  4964 | D:4      | Killed a water moccasin
  4965 | D:4      | Reached XP level 7. HP: 35/60 MP: 6/6
  6071 | D:5      | Killed a steam dragon
  6072 | D:5      | Reached skill level 5 in Fighting
  6468 | D:6      | Found a hide-covered altar of Uskayaw.
  6493 | D:6      | Reached skill level 5 in Axes
  6493 | D:6      | Reached XP level 8. HP: 67/69 MP: 7/7
  6596 | D:6      | Reached skill level 6 in Fighting
  7072 | D:6      | Found Vaokuyl's Antique Weapon Boutique.
  7389 | D:7      | Found a staircase to the Ecumenical Temple.
  7438 | Temple   | Entered the Ecumenical Temple
  7480 | Temple   | Became a worshipper of Makhleb the Destroyer
  7503 | D:7      | Found an ornate altar of the Wu Jian Council.
  7555 | D:7      | Reached skill level 5 in Armour
  7755 | D:7      | Reached skill level 7 in Fighting
  7755 | D:7      | Reached XP level 9. HP: 79/79 MP: 8/8
  7982 | D:7      | Found a stormy altar of Qazlal.
  7982 | D:7      | Found a shadowy altar of Dithmenos.
  8203 | D:7      | Found an ancient bone altar of Kikubaaqudgha.
  8205 | D:7      | Noticed Maggie
  8241 | D:7      | Killed Maggie
  8762 | D:8      | Noticed a troll
  8977 | D:8      | Reached skill level 5 in Throwing
  9021 | D:8      | Found a staircase to the Lair.
  9190 | D:8      | Reached skill level 8 in Fighting
  9240 | D:8      | Got the Encyclopedia of Entrancing Transposition
  9255 | D:8      | Reached * piety under Makhleb
  9648 | D:7      | Reached skill level 9 in Fighting
  9752 | D:8      | Killed a troll
  9753 | D:8      | Reached XP level 10. HP: 59/91 MP: 9/9
 10359 | D:9      | Found a flagged portal.
 10368 | Bailey   | Entered a bailey
 10391 | Bailey   | Reached skill level 10 in Fighting
 10501 | Bailey   | Found a burning altar of Makhleb.
 10802 | D:9      | Found a blossoming altar of Fedhas.
 10862 | D:9      | Reached ** piety under Makhleb
 10864 | D:9      | Reached skill level 1 in Necromancy
 10865 | D:9      | Reached skill level 1 in Shields
 11573 | D:9      | Reached XP level 11. HP: 61/101 MP: 10/10
 11853 | D:10     | Entered Level 10 of the Dungeon
 11872 | D:10     | Noticed a two-headed ogre
 11879 | D:10     | Killed a two-headed ogre
 11880 | D:10     | Reached skill level 11 in Fighting
 11991 | D:10     | Reached *** piety under Makhleb
 12437 | D:10     | Reached skill level 10 in Axes
 12672 | D:10     | Noticed a cyan ugly thing
 12695 | D:10     | Killed a cyan ugly thing
 12737 | D:10     | Noticed a cyclops
 12918 | D:10     | Killed a cyclops
 12919 | D:10     | Reached skill level 5 in Necromancy
 13025 | D:10     | Noticed an ogre mage
 13042 | D:10     | Killed an ogre mage
 13199 | D:10     | Noticed a two-headed ogre
 13259 | D:9      | Killed a two-headed ogre
 13260 | D:9      | Reached skill level 12 in Fighting
 13260 | D:9      | Reached skill level 5 in Shields
 13497 | D:10     | Reached **** piety under Makhleb
 13498 | D:10     | Reached skill level 1 in Invocations
 13498 | D:10     | Reached XP level 12. HP: 73/112 MP: 11/11
 14368 | D:10     | Noticed a two-headed ogre
 14381 | D:10     | Killed a two-headed ogre
 14580 | D:11     | Noticed Erolcha
 14604 | D:11     | Mangled by Erolcha

Illustrated notes

Levels and vault maps discovered:
D:1:      dpeg_arrival_simpleton_a, layout_rooms,
          dreamdust_ecumenical_altar_drowned_temple, kennysheep_another_room,
          minmay_heptomino_h4
D:2:      layout_loops_corners, serial_bayou_crossing, uniq_crazy_yiuf_cottage
D:3:      layout_loops_ring, minmay_starry_boxes
D:4:      cheibrodos_greedy_goblins, layout_basic, minivault_5, uniq_robin
D:5:      layout_basic, elyvilon_altar_3, minmay_holes
D:6:      layout_basic, nicolae_uskayaw_murder_on_the_dancefloor, serial_shops,
          nicolae_shop_waterfront, feat_on_display
D:7:      layout_layer_cave, kiku_gazebo_garden_becter,
          mainiacjoe_overflow_paths, chequers_temple_overflow_statue_of_worship,
          minmay_temple_entry_glass, uniq_maggie
D:8:      layout_loops_ring, erik_lair_island, minmay_strange_pillars
D:9:      layout_irregular_city, amcnicky_altar_gilded, enter_bailey_8
D:10:     lemuel_castle_with_subvaults [lemuel_castle_interior_carwin_1],
          layout_stronghold, mainiacjoe_overflow_six_doors_small
D:11:     layout_rooms, kennysheep_generic_room_2, uniq_erolcha
Temple:   nicolae_temple_ecumenical_triangle

Skill      XL: |  1  2  3  4  5  6  7  8  9 10 11 12 |
---------------+-------------------------------------+-----
Throwing       | 2 3 4 5 |  5.0
Axes           | 3 4 5 6 8 9 10 | 10.8
Armour         | 1 2 3 5 |  5.3
Fighting       | 3 4 5 7 9 10 12 | 12.4
Necromancy     | 2 5 |  5.0
Shields        | 2 5 |  5.3
Invocations    | 1 3 |  3.0
Dodging        | |  2.6

Action                   |  1- 3 |  4- 6 |  7- 9 | 10-12 || total
-------------------------+-------+-------+-------+-------++-------
Melee: War axe           |    94 |   214 |   301 |   121 ||   730
       Spear             |       |       |     8 |       ||     8
       Broad axe         |       |       |       |   364 ||   364
       Short sword       |       |       |       |     7 ||     7
 Fire: Sling             |       |       |     5 |       ||     5
Throw: Throwing net      |     4 |       |     2 |       ||     6
       Javelin           |       |     1 |     3 |     2 ||     6
       Dart              |       |       |    12 |    16 ||    28
Evoke: Wand              |       |       |     2 |       ||     2
  Use: Scroll            |       |     7 |     6 |     6 ||    19
 Stab: Held in net/web   |     1 |       |     2 |       ||     3
Armor: Leather armour    |    12 |       |       |       ||    12
       Chain mail        |    28 |   173 |   103 |       ||   304
       Plate armour      |       |       |   179 |   370 ||   549
Dodge: Dodged            |    55 |   116 |   146 |   179 ||   496
Block: Buckler           |       |    34 |    51 |   270 ||   355
       Reflection        |       |       |       |    12 ||    12
